 Dungeon Crawl Stone Soup version 0.19-a0-458-gfd99d95 (webtiles) character file.

30879 Ryco the Severer (level 13, -25/124 HPs)
             Began as a Deep Dwarf Berserker on June 1, 2016.
             Was a High Priest of Trog.
             Blown up by an orb spider (29 damage)
             ... with an orb of destruction
             ... on level 1 of the Spider Nest on June 2, 2016.
             The game lasted 01:14:46 (7524 turns).

Ryco the Severer (Deep Dwarf Berserker)             Turns: 7524, Time: 01:14:46

Health: -25/124    AC: 14    Str: 31    XL:     13   Next: 23%
Magic:  14/14      EV: 10    Int:  8    God:    Trog [*****.]
Gold:   792        SH:  0    Dex: 13    Spells: 0 memorised, 12 levels left

rFire  + . .     SeeInvis +     a - +5 battleaxe of Immorality {distort, rN+ Str+6}
rCold  . . .     Gourm    .     V - +2 chain mail {rF+}
rNeg   + . .     Faith    +     (shield currently unavailable)
rPois  +         Spirit   .     F - +1 hat {SInv}
rElec  .         Dismiss  .     q - +0 cloak
rCorr  .         Reflect  .     n - +2 pair of gloves
SustAt .         Harm     .     (no boots)
MR     +++..                    O - amulet of faith
Stlth  ..........               T - ring of poison resistance
                                g - +2 ring of protection

@: confused, corroded, non-regenerating, extremely resistant to hostile
enchantments, extremely unstealthy
A: damage resistance, recharge devices, sense surroundings 2, slow regeneration
3
a: Device Recharging, Berserk, Trog's Hand, Brothers in Arms, Burn Spellbooks,
Renounce Religion


You were on level 1 of the Spider Nest.
You worshipped Trog.
Trog was extremely pleased with you.
You were hungry.

You visited 3 branches of the dungeon, and saw 20 of its levels.
You also visited: Bailey.

You collected 1114 gold pieces.
You spent 322 gold pieces at shops.

Inventory:

Hand Weapons
 a - the +5 battleaxe of Immorality (weapon) {distort, rN+ Str+6}
   (You acquired it on level 5 of the Lair of Beasts)

   It warps and distorts space around it.
   Unwielding it can cause banishment or high damage.
   It affects your strength (+6).
   It protects you from negative energy.
 N - a +2 whip of electrocution
Missiles
 u - 16 tomahawks (quivered)
Armour
 n - a +2 pair of gloves (worn)
 q - a +0 cloak (worn)
 F - a +1 hat of see invisible (worn)
 V - a +2 chain mail of fire resistance (worn)
Jewellery
 g - a +2 ring of protection (left hand)
 G - an uncursed ring of ice
 H - an uncursed ring of see invisible
 O - an amulet of faith (around neck)
 T - a ring of poison resistance (right hand)
Wands
 c - a wand of heal wounds (2/9)
 i - a wand of hasting (5/9)
 j - a wand of iceblast (7/15)
 v - a wand of iceblast (4/15)
 B - a wand of confusion (18/48)
 M - a wand of enslavement (20/24)
 U - a wand of lightning (9/15)
 W - a wand of disintegration (12/24)
Scrolls
 b - 2 scrolls of fog
 e - 2 scrolls of remove curse
 l - 3 scrolls of recharging
 m - 2 scrolls of amnesia
 t - 4 scrolls of enchant armour
 x - a scroll of enchant weapon
 y - 2 scrolls of teleportation
 C - 2 scrolls of immolation
 J - 5 scrolls of magic mapping
 L - 2 scrolls of fear
 Y - 3 scrolls of random uselessness {unknown}
Potions
 f - 4 potions of might
 h - 4 potions of haste
 p - 5 potions of flight {unknown}
 z - 2 potions of lignification
 A - 2 potions of curing {unknown}
 E - a potion of brilliance
 I - a potion of agility
 K - 3 potions of heal wounds {unknown}
 Q - 2 potions of degeneration {unknown}
 R - a potion of cancellation
 S - 4 potions of resistance {unknown}
 Z - 3 potions of berserk rage {unknown}
Books
 r - a book of Battle

   Spells                             Type                      Level
   a - Infusion                       Charms                       1
   b - Shroud of Golubria             Charms/Translocation         2
   c - Song of Slaying                Charms                       2
   d - Spectral Weapon                Hexes/Charms                 3
   e - Regeneration                   Charms/Necromancy            3
   Trog disapproves of the use of such an item.
 w - a book of the Dragon

   Spells                             Type                      Level
   a - Flame Tongue                   Conjuration/Fire             1
   b - Cause Fear                     Hexes                        4
   c - Bolt of Fire                   Conjuration/Fire             6
   d - Dragon Form                    Transmutation                7
   e - Dragon's Call                  Summoning                    9
   Trog disapproves of the use of such an item.
 D - an Akashic Record

   Spells                             Type                      Level
   a - Dispersal                      Translocation                6
   b - Malign Gateway                 Summoning/Translocation      7
   c - Disjunction                    Translocation                8
   d - Controlled Blink               Translocation                8
   Trog disapproves of the use of such an item.
Miscellaneous
 k - a fan of gales
 s - a phial of floods
Comestibles
 d - 6 bread rations
 o - 8 meat rations
 P - 3 fruits


   Skills:
 + Level 10.5 Fighting
 + Level 17.1 Axes
 - Level 0.1 Throwing
 * Level 12.1 Armour
 - Level 2.1 Dodging
 + Level 2.2 Evocations


You had 12 spell levels left.
You didn't know any spells.

Dungeon Overview and Level Annotations

Branches:
Dungeon (11/15)              Lair (8/8) D:10          Swamp (0/4) Lair:3
 Spider (1/4) Lair:6        Slime (0/6) Lair:8
 Temple: D:4-7          Orc: D:9-12

Altars:
Ashenzari
Dithmenos
Elyvilon
Hepliaklqana
Nemelex Xobeh
Qazlal
Vehumet
Yredelemnul
Jiyva

Shops:
D:9 [:

Annotations:
Lair:3 exclusion: oklob plant


Innate Abilities, Weirdness & Mutations

You are resistant to damage.
You can recharge devices by infusing magical energy.
You passively map the area around you.
You do not regenerate naturally.


Message History

Press: ? - help, Shift-Dir - straight line, f - you Nothing appears to happen.
This wand has 3 charges left.
The tarantella closely misses you. The tarantella bites you.
* * * LOW HITPOINT WARNING * * *
The tarantella bites you!
* * * LOW HITPOINT WARNING * * *
You are more confused.
The tarantella bites you but does no damage.
The orb spider weaves a glowing orb of energy.
An orb of destruction comes into view.
Okay, then.
Unknown command.
Unknown command.
Evoke which item? (* to show all) (? for menu, Esc to quit)
Zapping:
c - a wand of heal wounds (3/9)
Press: ? - help, Shift-Dir - straight line, f - you Nothing appears to happen.
This wand has 2 charges left.
The tarantella closely misses you. The tarantella completely misses you.
The orb of destruction hits you!
You die...

, , , ,, , ....##.=.* *
## ,, ,* ........># *
.## ., ........ *, ##.#
s#######....... * ..<##
..#...#....#####*** ,
....##
..#...#.s......#* , ,
..^..###.#............#
,*
.###.....#.....s§...?.#
,
##.......#.....s@...##
,, *
................§..##,
* , *
.........†.....§.### ,
..####.........s##. *,
^##.......†........ , *
.#.......#.......s. ,,
,* #.......#.#.....#..,
*, ,
*........###.....#.. ,,
###.....# .###.#, , , *


You could see 2 orb spiders and 2 tarantellas.

Vanquished Creatures
  Gastronok (Lair:3)
  An ice dragon (Lair:8)
  A hydra (Lair:8)
  The ghost of Haruko the Blocker, a novice HuFi of the Shining One (D:9)
  A lindwurm (Lair:8)
  A hill giant (D:10)
  Pikel (D:7)
  A wolf spider (Spider:1)
  A deep elf mage (D:8)
  2 elephants (Lair:8)
  3 black mambas
  7 spiny frogs
  A centaur zombie (D:10)
  5 torpor snails (Lair:8)
  2 rime drakes (Lair:8)
  5 komodo dragons
  A boulder beetle (Lair:8)
  5 giant leeches (Lair:8)
  5 blink frogs (Lair:8)
  3 redbacks (Spider:1)
  A wraith (D:10)
  A tarantella (Spider:1)
  15 yaks
  2 wyverns
  2 basilisks
  5 hippogriffs
  A mottled dragon (Lair:8)
  7 porcupines
  9 water moccasins
  2 swamp drakes (Lair:8)
  6 orc warriors
  An ice beast (D:9)
  4 wasps
  2 necrophages
  An ogre (D:4)
  A phantom (D:9)
  6 wolves (Lair:6)
  5 centaurs
  8 crocodiles
  Blork the orc (D:5)
  A big kobold (D:9)
  8 giant frogs
  9 killer bees
  A scorpion (D:5)
  4 wights (D:8)
  2 howler monkeys
  8 crimson imps
  A quasit (D:9)
  2 hounds
  6 orc priests
  4 jellies
  A centaur skeleton (D:7)
  9 iguanas
  6 orc wizards
  4 worker ants
  2 worker ant zombies
  11 gnolls
  7 adders
  42 river rats
  A shadow imp (D:9)
  8 oozes
  2 adder skeletons
  18 worms
  3 dart slugs
  A giant gecko (D:4)
  40 orcs
  2 giant cockroaches
  19 hobgoblins
  3 jackals (D:9)
  4 quokkas
  5 bats
  A giant gecko zombie (D:5)
  2 giant newts
  2 gnoll zombies (D:3)
  21 goblins
  9 kobolds
  4 rats
  A butterfly (Lair:8)
  3 fungi
  9 plants (Lair:8)
414 creatures vanquished.

Vanquished Creatures (collateral kills)
  2 hydras
2 creatures vanquished.

Vanquished Creatures (others)
  The ghost of tijit the Thaumaturge, a journeyman DECj of Sif Muna (Lair:8)
  A fire dragon (Lair:8)
  An elephant (Lair:8)
  A rime drake (Lair:8)
  A redback (Spider:1)
  4 yaks
  A slave (D:7)
  A wolf (Lair:6)
  2 orc wizards (D:7)
  3 orcs (D:7)
  A bush (Lair:8)
  8 fungi (Lair:8)
  16 plants
41 creatures vanquished.

Grand Total: 457 creatures vanquished

Notes
Turn   | Place    | Note
--------------------------------------------------------------
     0 | D:1      | Ryco the Deep Dwarf Berserker began the quest for the Orb.
     0 | D:1      | Reached XP level 1. HP: 20/20 MP: 1/1
   105 | D:1      | Reached XP level 2. HP: 22/27 MP: 2/2
   169 | D:1      | Reached skill level 4 in Axes
   269 | D:2      | Reached XP level 3. HP: 17/34 MP: 3/3
   419 | D:1      | Reached ** piety under Trog
   696 | D:2      | Reached XP level 4. HP: 34/42 MP: 4/4
   700 | D:2      | Reached skill level 5 in Axes
   841 | D:4      | Reached XP level 5. HP: 23/50 MP: 5/5
   933 | D:4      | Reached skill level 6 in Axes
  1039 | D:5      | Entered Level 5 of the Dungeon
  1057 | D:5      | Found a white marble altar of Elyvilon.
  1057 | D:5      | Found a hazy altar of Hepliaklqana.
  1080 | D:5      | Reached XP level 6. HP: 45/57 MP: 6/6
  1108 | D:5      | Noticed Blork the orc
  1129 | D:5      | Killed Blork the orc
  1251 | D:6      | Reached skill level 7 in Axes
  1251 | D:6      | Reached XP level 7. HP: 35/66 MP: 7/7
  1393 | D:4      | Got a blackened ring mail
  1404 | D:4      | Identified the cursed +1 ring mail of the Iron City of Dis {rPois Int+2 Stlth+} (You found it on level 4 of the Dungeon)
  1421 | D:4      | Found a radiant altar of Vehumet.
  1535 | D:3      | Found a stormy altar of Qazlal.
  1578 | D:3      | Found a shadowy altar of Dithmenos.
  1646 | D:3      | Found a basalt altar of Yredelemnul.
  1741 | D:3      | Found a sparkling altar of Nemelex Xobeh.
  2098 | D:7      | Reached skill level 8 in Axes
  2283 | D:6      | Reached skill level 5 in Fighting
  2286 | D:6      | Reached XP level 8. HP: 55/74 MP: 8/8
  2411 | D:7      | Noticed Pikel
  2426 | D:7      | Killed Pikel
  2426 | D:7      | Reached skill level 9 in Axes
  2483 | D:8      | Reached skill level 10 in Axes
  2484 | D:8      | Reached skill level 5 in Armour
  2790 | D:8      | Gained mutation: You passively map the area around you. [Deep Dwarf growth]
  2790 | D:8      | Reached XP level 9. HP: 38/82 MP: 9/9
  2799 | D:8      | Found a shattered altar of Ashenzari.
  2799 | D:8      | Noticed a deep elf mage
  2807 | D:8      | Killed a deep elf mage
  2807 | D:8      | Reached skill level 11 in Axes
  2866 | D:9      | Found Zeycyrgh's Book Shoppe.
  2958 | D:9      | Noticed Haruko's ghost (novice HuFi)
  2984 | D:9      | Killed Haruko's ghost
  2984 | D:9      | Reached skill level 12 in Axes
  3043 | D:8      | Reached skill level 1 in Evocations
  3193 | D:9      | Reached *** piety under Trog
  3198 | D:10     | Entered Level 10 of the Dungeon
  3281 | D:10     | Reached XP level 10. HP: 48/92 MP: 10/10
  3322 | D:10     | Found a staircase to the Lair.
  3351 | D:9      | Found a shattered altar of Ashenzari.
  3385 | D:9      | Found Fiuc Hot's Armour Boutique.
  3409 | D:9      | Bought a +2 chain mail of fire resistance for 322 gold pieces
  3454 | D:9      | Reached skill level 13 in Axes
  3599 | D:11     | Found a flagged portal.
  3604 | Bailey   | Entered a bailey
  3660 | Bailey   | Reached **** piety under Trog
  3795 | Bailey   | Noticed an orc warlord
  3804 | Bailey   | Noticed an orc knight
  4225 | D:10     | Noticed a hill giant
  4233 | D:10     | Killed a hill giant
  4233 | D:10     | Reached skill level 14 in Axes
  4264 | Lair:1   | Entered Level 1 of the Lair of Beasts
  4312 | Lair:1   | Noticed a spiny frog
  4332 | Lair:1   | Killed a spiny frog
  4571 | Lair:1   | Noticed a black mamba
  4584 | Lair:1   | Killed a black mamba
  4615 | Lair:2   | Upgraded the game from 0.19-a0-454-g75e0785 to 0.19-a0-458-gfd99d95
  4720 | Lair:3   | Found a staircase to the Swamp.
  4736 | Lair:3   | Reached XP level 11. HP: 66/103 MP: 12/12
  5189 | Lair:3   | Noticed Gastronok
  5206 | Lair:3   | Killed Gastronok
  5397 | Lair:3   | Reached skill level 15 in Axes
  5413 | Lair:3   | Noticed an oklob plant
  5552 | Lair:4   | Noticed an eight-headed hydra
  5561 | Lair:4   | Killed an eight-headed hydra
  5913 | Lair:5   | Identified a scroll of acquirement
  5916 | Lair:5   | Got a polished battleaxe
  5923 | Lair:5   | Identified the +5 battleaxe of Immorality {distort, rN+ Str+6} (You acquired it on level 5 of the Lair of Beasts)
  5948 | Lair:5   | Noticed a six-headed hydra
  5954 | Lair:5   | Killed a seven-headed hydra
  6160 | Lair:7   | Reached XP level 12. HP: 63/114 MP: 13/13
  6192 | Lair:8   | Entered Level 8 of the Lair of Beasts
  6235 | Lair:8   | Noticed tijit's ghost (journeyman DECj)
  6264 | Lair:8   | Reached skill level 10 in Armour
  6273 | Lair:8   | Banished tijit's ghost
  6301 | Lair:8   | Found a viscous altar of Jiyva.
  6301 | Lair:8   | Found a staircase to the Slime Pits.
  6371 | Lair:8   | Reached skill level 16 in Axes
  6395 | Lair:8   | Found a runed door.
  6404 | Lair:8   | Noticed an ice dragon
  6419 | Lair:8   | Killed an ice dragon
  6856 | Lair:8   | Reached skill level 10 in Fighting
  6863 | Lair:8   | Noticed a fire dragon
  6871 | Lair:8   | Banished a fire dragon
  7073 | Lair:8   | Noticed a seven-headed hydra
  7089 | Lair:8   | Killed an eight-headed hydra
  7123 | Lair:7   | Reached XP level 13. HP: 111/123 MP: 14/14
  7248 | Lair:7   | Reached ***** piety under Trog
  7393 | Lair:6   | Reached skill level 17 in Axes
  7448 | Lair:6   | Found a hole to the Spider Nest.
  7457 | Spider:1 | Entered Level 1 of the Spider Nest
  7523 | Spider:1 | HP: 3/124 [tarantella (6)]
  7524 | Spider:1 | Blown up by an orb spider

Vault maps used:
D:1:      shiori_arrival_elements
D:3:      lemuel_doored_altar, lemuel_zombie_altar_yredelemnul,
          lemuel_crystal_altar, grunt_dithmenos_smoke_and_mirrors,
          minmay_misc_feat_tower
D:4:      vehumet_crystals, grunt_pakellas_sulfur, serial_corexii_hall,
          corexii_hall_statues_deadend, corexii_hall_statues_deadend,
          hangedman_abyss_or_decor_passed
D:5:      wad_river_or_something, zin_statuary,
          gammafunk_temple_overflow_statue, temple_statues, first_bread,
          minmay_misc_feat_alley, lightli_corner_chamber, uniq_blork_the_orc
D:6:      serial_shops, shop
D:7:      uniq_pikel
D:8:      hangedman_little_slice_of_home, roderic_batcave,
          david_defended_altar_elf
D:9:      kennysheep_little_box, serial_shops, nicolae_shop_behind_doors, shop
D:10:     lair_0_dummy
D:11:     orc_0_dummy, enter_bailey_3
Lair:1:   minivault_26
Lair:2:   hangedman_lair_unloving_vines
Lair:3:   minmay_lair_oklob_chamber, swamp_mist_pool, infiniplex_staircase_pool,
          uniq_gastronok
Lair:5:   minivault_11, patterned_corridor, serial_bayou_shore_b
Lair:6:   spider_nest_entry_web_field, serial_bayou_shore_b, grunt_megastairs_3,
          uniq_josephine, uniq_kirke
Lair:7:   eino_small_chamber_without_monster, grunt_megastairs_5
Lair:8:   wormcave, guppyfry_lair_end_dragon, dpeg_slime_entry_enclosed_altar,
          lemuel_fruit_fields
Bailey:   bailey_axe_minmay_hex_keep, bailey

Skill      XL: |  1  2  3  4  5  6  7  8  9 10 11 12 13 |
---------------+----------------------------------------+-----
Axes           | 4 5 6 7 8 10 12 14 15 16 17 | 17.1
Fighting       | 3 4 5 6 7 9 10 | 10.5
Armour         | 3 4 5 7 9 11 12 | 12.1
Evocations     | 1 2 |  2.2
Throwing       | |  0.1
Dodging        | |  2.1

Action                   |  1- 3 |  4- 6 |  7- 9 | 10-12 | 13-15 || total
-------------------------+-------+-------+-------+-------+-------++-------
Melee: Hand axe          |   103 |    54 |       |       |       ||   157
       War axe           |       |    93 |   352 |   571 |       ||  1016
       Battleaxe         |       |       |       |   270 |    64 ||   334
       Whip              |       |       |       |     5 |       ||     5
 Fire: Blowgun           |       |       |       |     1 |       ||     1
Throw: Tomahawk          |       |       |       |     2 |       ||     2
Invok: Berserk           |     1 |       |     3 |     4 |       ||     8
       Trog's Hand       |       |     7 |    16 |    37 |     3 ||    63
       Brothers in Arms  |       |       |       |     2 |       ||     2
Evoke: Wand              |     1 |       |     4 |    11 |     2 ||    18
  Use: Scroll            |       |     2 |     1 |    26 |     2 ||    31
       Potion            |       |       |       |     1 |       ||     1
 Stab: Sleeping          |       |       |     2 |       |       ||     2
       Distracted        |       |       |       |     1 |       ||     1
  Eat: Chunk             |       |     5 |     5 |     9 |     1 ||    20
       Beef jerky        |       |     1 |       |       |     1 ||     2
       Fruit             |       |       |     5 |     5 |       ||    10
       Pizza             |       |       |     2 |       |       ||     2
       Royal jelly       |       |       |     2 |     9 |       ||    11
Armor: Animal skin       |    22 |    15 |       |       |       ||    37
       Chain mail        |       |    70 |     1 |   315 |    46 ||   432
       Ring mail         |       |       |   125 |     9 |       ||   134
Dodge: Dodged            |    32 |    39 |   125 |   220 |    45 ||   461
Block: Shield            |    25 |    58 |   127 |   187 |       ||   397
